 Dungeon Crawl Stone Soup version 0.30-a0-374-g95c0257040 (webtiles) character file.

Game seed: 9159194527017120365

51 Elric the Shield-Bearer (level 3, -16/35 HPs)
             Began as a Gnoll Fighter on Nov 25, 2022.
             Killed by divine providence
             ... invoked by an orc priest
              (17 damage)
             ... on level 4 of the Dungeon.
             The game lasted 00:01:12 (828 turns).

Elric the Shield-Bearer (Gnoll Fighter)              Turns: 828, Time: 00:01:12

Health: -16/35     AC:  7    Str: 17    XL:     3   Next: 81%
Magic:  4/4        EV: 24    Int:  7    God:
Gold:   0          SH:  0    Dex: 11    Spells: 4/4 levels left

rFire   . . .      SeeInvis .    a - +0 war axe
rCold   . . .      Faith    .    c - +0 buckler
rNeg    . . .      Spirit   .    b - +0 scale mail
rPois   .          Reflect  .    (no helmet)
rElec   .          Harm     .    (no cloak)
rCorr   .          Rampage  .    (no gloves)
Will    .....                    (no boots)
Stlth   ..........               f - amulet of the acrobat
HPRegen 0.25/turn                (no ring)
MPRegen 0.09/turn                (no ring)

@: confused, acrobatic
A: fangs 1, strong nose, distributed training
a: no special abilities


You were on level 4 of the Dungeon.
You visited 1 branch of the dungeon, and saw 4 of its levels.

Inventory:

Hand Weapons
 a - a +0 war axe (weapon)
Missiles
 g - 2 throwing nets (quivered)
Armour
 b - a +0 scale mail (worn)
 c - a +0 buckler (worn)
Jewellery
 f - an amulet of the acrobat (around neck)
Scrolls
 h - a scroll of torment {unknown}
 l - a scroll of noise {unknown}
Potions
 d - 2 potions of might
 e - 2 potions of attraction {unknown}
 i - a potion of resistance {unknown}
 j - a potion of berserk rage {unknown}
 k - a potion of invisibility {unknown}
 m - a potion of mutation {unknown}
 n - a potion of curing {unknown}


   Skills:
 + Level 6.5 Fighting
 + Level 1.0 Short Blades
 + Level 1.0 Long Blades
 + Level 4.6 Axes
 + Level 1.0 Maces & Flails
 + Level 1.0 Polearms
 + Level 1.0 Staves
 + Level 1.0 Ranged Weapons
 + Level 1.0 Throwing
 + Level 6.5 Armour
 + Level 1.0 Dodging
 + Level 1.0 Stealth
 + Level 6.5 Shields
 + Level 1.0 Unarmed Combat
 + Level 1.0 Spellcasting
 + Level 0.7 Conjurations
 + Level 0.7 Hexes
 + Level 0.7 Summonings
 + Level 0.7 Necromancy
 + Level 0.7 Translocations
 + Level 0.7 Transmutations
 + Level 0.7 Fire Magic
 + Level 0.7 Ice Magic
 + Level 0.7 Air Magic
 + Level 0.7 Earth Magic
 + Level 0.7 Poison Magic
 + Level 1.1 Invocations
 + Level 1.0 Evocations


You had 4 spell levels left.
You didn't know any spells.
Your spell library was empty.

Dungeon Overview and Level Annotations

Branches:
Dungeon (4/15)
 Temple: D:4-7

Altars:
Xom


Innate Abilities, Weirdness & Mutations

You have very sharp teeth.
Your uncanny sense of smell can sniff out nearby items.
Your experience applies equally to all skills.


Message History

You miss the orc wizard.
The orc wizard is severely wounded.
You miss the orc.
The orc wizard points at you and mumbles some strange words.
The puff of flame hits you! The orc closely misses you.
You are too confused!
You're too confused to move!
The orc priest mumbles some strange prayers to Beogh against you.
Beogh smites you! The orc hits you with a +0 dagger.
The orc wizard gestures at you while chanting.
The puff of flame hits you!
* * * LOW HITPOINT WARNING * * *
You are too injured to fight recklessly!
The orc wizard attacks as you move away!
The orc wizard closely misses you. The orc attacks as you move away!
The orc hits you with a +0 dagger.
* * * LOW HITPOINT WARNING * * *
You feel less confused.
You are too injured to fight recklessly!
Unknown command.
You hit the orc priest but do no damage.
You closely miss the orc wizard. You hit the orc.
The orc wizard casts a spell at you.
You are confused.
The orc priest hits you with a +0 whip.
* * * LOW HITPOINT WARNING * * *
The orc hits you but does no damage.
The orc priest hits you but does no damage.
The orc wizard casts a spell at you. You resist with significant effort.
The orc hits you but does no damage.
You're too confused to move!
The orc priest misses you. The orc hits you with a +0 dagger.
* * * LOW HITPOINT WARNING * * *
The orc wizard hits you with a +0 dagger.
* * * LOW HITPOINT WARNING * * *
The orc attacks as you move away! The orc hits you with a +0 dagger.
* * * LOW HITPOINT WARNING * * *
The orc priest mumbles some strange prayers to Beogh against you.
Beogh smites you!
You die...

........#.....###.##...
#.............##...#...
#...........#........
##.............#......
#..##..........#....#.
#....K.......##...##.
#.<...#o.###...########
[...###oo.....## ....
#@......## #.#
#........# ##
##....)### #.......
##.##..## ##....# #...#
####


You could see an orc priest, an orc wizard, an orc and a kobold.

Vanquished Creatures
  An adder (D:3)
  3 orcs (D:4)
  A ball python (D:2)
  4 bats
  4 endoplasms
  A giant cockroach (D:1)
  A goblin (D:2)
  3 hobgoblins
  4 jackals (D:2)
  2 quokkas (D:2)
  3 frilled lizards (D:2)
  4 kobolds
  3 rats
34 creatures vanquished.

Notes
Turn   | Place    | Note
-------+----------+-------------------------------------------
     0 | D:1      | Elric the Gnoll Fighter began the quest for the Orb.
     0 | D:1      | Reached XP level 1. HP: 23/23 MP: 1/1
    89 | D:2      | Reached XP level 2. HP: 29/29 MP: 2/2
    92 | D:2      | Found a shimmering altar of Xom.
   366 | D:2      | Reached XP level 3. HP: 30/35 MP: 3/3
   611 | D:3      | Reached skill level 1 in Invocations
   808 | D:4      | Reached skill level 1 in Short Blades
   808 | D:4      | Reached skill level 1 in Long Blades
   808 | D:4      | Reached skill level 1 in Maces & Flails
   808 | D:4      | Reached skill level 1 in Polearms
   808 | D:4      | Reached skill level 1 in Staves
   808 | D:4      | Reached skill level 1 in Ranged Weapons
   808 | D:4      | Reached skill level 1 in Throwing
   808 | D:4      | Reached skill level 1 in Dodging
   808 | D:4      | Reached skill level 1 in Stealth
   808 | D:4      | Reached skill level 1 in Unarmed Combat
   808 | D:4      | Reached skill level 1 in Spellcasting
   808 | D:4      | Reached skill level 1 in Evocations
   816 | D:4      | Identified the +0 scale mail of Modwus {Str-2 Dex+2 SInv}
   828 | D:4      | HP: 1/35 [orc/+0 dagger (1)]
   828 | D:4      | Killed from afar by an orc priest

Illustrated notes

Levels and vault maps discovered:
D:1:      elethiomel_arrival_infinity_welcomes_careful_drivers,
          layout_loops_ring, serial_forest, infiniplex_forest_clump_double,
          infiniplex_forest_end_double, infiniplex_forest_fountain,
          infiniplex_forest_lined_3_way, infiniplex_forest_zigzag_1,
          infiniplex_forest_split, infiniplex_forest_lined_3
D:2:      layout_basic, basic_altar
D:3:      layout_loops_ring, nicolae_wu_jian_wuxing_cycle, serial_shops,
          nicolae_shop_behind_doors, hellmonk_ecumenical_altar_heavens_door
D:4:      layout_cave_pools, uniq_crazy_yiuf_cottage

Skill      XL: |  1  2  3 |
---------------+----------+-----
Invocations    | 1 |  1.1
Short Blades   | 1 |  1.0
Long Blades    | 1 |  1.0
Maces & Flails | 1 |  1.0
Polearms       | 1 |  1.0
Staves         | 1 |  1.0
Ranged Weapons | 1 |  1.0
Throwing       | 1 |  1.0
Dodging        | 1 |  1.0
Stealth        | 1 |  1.0
Unarmed Combat | 1 |  1.0
Spellcasting   | 1 |  1.0
Evocations     | 1 |  1.0
Fighting       | |  6.5
Axes           | |  4.6
Armour         | |  6.5
Shields        | |  6.5
Conjurations   | |  0.7
Hexes          | |  0.7
Summonings     | |  0.7
Necromancy     | |  0.7
Translocations | |  0.7
Transmutations | |  0.7
Fire Magic     | |  0.7
Ice Magic      | |  0.7
Air Magic      | |  0.7
Earth Magic    | |  0.7
Poison Magic   | |  0.7

Action                   || total
-------------------------++-------
Melee: War axe           ||    90
       Bite              ||    10
Armor: Scale mail        ||    51
Dodge: Dodged            ||    50
Block: Buckler           ||    20

Table legend: (Time is in decaauts)
 A = Elapsed time spent in this place.
 B = Non-inter-level travel time spent in this place.
 C = Inter-level travel time spent in this place.
 D = Time resting spent in this place.
 E = Time spent auto-exploring this place.
 F = Levels seen in this place.
 G = Mean time per level.
                   A        B        C        D        E       F      G
               +--------+--------+--------+--------+--------+-----+--------+
         Total |    856 |    763 |     93 |      0 |    541 |   4 |  214.0 |
       Dungeon |    856 |    763 |     93 |      0 |    541 |   4 |  214.0 |
               +--------+--------+--------+--------+--------+-----+--------+

Top non-repeatable levels by time:
     D:2: 498 daAuts
     D:3: 208 daAuts
     D:1: 88 daAuts
     D:4: 61 daAuts
